 Dungeon Sprint DCSS version 0.29.1-1-gd02db6906a (webtiles) character file.

Game seed: 9576993786558476855

12231 Groucho the Ninja (level 11, -22/64 HPs)
             Began as a Felid Berserker on Sept 25, 2022.
             Was an Elder of Trog.
             Annihilated by a reaper
             ... wielding a +1 scythe of freezing
              (32 damage)
             ... in the Dungeon (Sprint VII: "The Pits").
             The game lasted 00:15:30 (6346 turns).

Groucho the Ninja (Felid Berserker)                 Turns: 6346, Time: 00:15:31

Health: -22/64     AC:  6    Str: 13    XL:     11   Next: 59%
Magic:  12/12      EV: 38    Int: 11    God:    Trog [****..]
Gold:   13         SH:  0    Dex: 21    Spells: 10/10 levels left
                                        Lives:  0   Deaths: 3

rFire   . . .      SeeInvis +     - Unarmed
rCold   + . .      Faith    .   (shield unavailable)
rNeg    . . .      Spirit   .   (body armour unavailable)
rPois   .          Reflect  .   (helmet unavailable)
rElec   .          Harm     .   (cloak unavailable)
rCorr   .          Rampage  .   (gloves unavailable)
Will    +....      NoTele   +   (boots unavailable)
Stlth   ++++++++++              o - amulet of the acrobat
HPRegen 0.20/turn               i - +3 ring of intelligence
MPRegen 0.13/turn               j - +3 ring of protection

@: quick
A: very small, claws 1, fangs 3, see invisible, speed 1, shaggy fur 3, stealthy
paws, no weapons or thrown items, no armour, multi-lived
a: Renounce Religion, Berserk, Trog's Hand, Brothers in Arms


You were in the Dungeon.
You worshipped Trog.
Trog was greatly pleased with you.
You visited 1 branch You collected 13 gold pieces.

Inventory:

Jewellery
 i - a +3 ring of intelligence (left paw)
 j - a +3 ring of protection (right paw)
 m - a ring of protection from fire
 o - an amulet of the acrobat (around neck)
Wands
 k - a wand of flame (14)
 n - a wand of charming (11)
Scrolls
 f - 3 scrolls of blinking
 h - a scroll of summoning
 p - a scroll of magic mapping
 q - a scroll of silence
 r - a scroll of fog
 u - a scroll of fear
Potions
 a - 11 potions of curing
 b - 2 potions of heal wounds
 c - 4 potions of haste
 d - 4 potions of magic
 e - 3 potions of berserk rage
 g - a potion of invisibility
 l - a potion of flight {unknown}
 t - a potion of resistance


   Skills:
 + Level 17.3 Fighting
 + Level 21.8 Dodging
 O Level 27 Stealth
 * Level 19.8 Unarmed Combat


You had 10 spell levels left.
You didn't know any spells.
Your spell library was empty.

Dungeon Overview and Level Annotations

Branches:
Dungeon (1/1)

Altars:
Ashenzari
Cheibriados
Dithmenos
Elyvilon
Fedhas
Gozag
Hepliaklqana
Kikubaaqudgha
Makhleb
Nemelex Xobeh
Okawaru
Qazlal
Ru
Sif Muna
Trog
Uskayaw
Vehumet
Wu Jian
Xom
Yredelemnul
Zin
The Shining One
Jiyva
Lugonu


Innate Abilities, Weirdness & Mutations

You have sharp claws.
You have razor-sharp teeth.
You have supernaturally acute eyesight. (SInv)
You cover ground quickly. (Speed+)
Your thick and shaggy fur keeps you warm. (AC +3, rC+)
Your paws help you pounce on unaware monsters.
You are incapable of wielding weapons or throwing items.
You cannot wear armour.
You gain extra lives every three experience levels.


Message History

The air twists around and strikes you! The bat skeleton completely misses you.
The bat skeleton completely misses you. x2
The bat skeleton completely misses you.
You scratch the bat skeleton.
The bat skeleton is severely damaged.
The bat skeleton completely misses you. x2
You mangle the bat skeleton!!
You destroy the bat skeleton!
Trog accepts your kill. The wind drake flaps its wings at you.
The air twists around and strikes you!
The jackal simulacrum completely misses you.
You scratch the wind drake but do no damage.
Your bite misses the wind drake.
The wind drake exhales a fierce blast of wind!
You are blown backwards!
The jackal simulacrum completely misses you.
You miss the wind drake. Your bite misses the wind drake.
The reaper smiles without lips.
The wind drake flaps its wings at you. The air twists around and strikes you!
The jackal simulacrum completely misses you.
You are too injured to fight recklessly!
You are too injured to fight recklessly!
You are too injured to fight recklessly!
You claw the jackal simulacrum!
The jackal simulacrum vaporises!
Trog accepts your kill.
The reaper hits you from afar with a +1 scythe of freezing!
* * * LOW HITPOINT WARNING * * *
The reaper freezes you.
* * * LOW HITPOINT WARNING * * *
The wind drake completely misses you.
Unknown command.
Unknown command.
You closely miss the wind drake. The wind drake completely misses you.
The reaper hits you from afar with a +1 scythe of freezing!!
Ouch! That really hurt!
You die...

#..........+ #..........+
###''####''#
###''####''################
#...Z..##..................
#.#'##.##..................
#.#2[+.##2.##############)'
#.+)[#.##○k#))'...'))#...).
#.#.:'.##.@#))#...#))#...).
#######.'}=#.##..####...#######))
.##..##.##E#s##..#.........#.))..
.##..##...†..##..#........)...)..
.''..##########..#.........#.....
.''..##########..##'###'##.####..
.##.......†......#))))#))#.#..###
.##..............#))))#))#.'..#
###############################


You could see a reaper and a wind drake (repels missiles).

Vanquished Creatures
  A minotaur (D)
  A yaktaur captain (D)
  A catoblepas (D)
  A naga warrior (D)
  2 hell hogs (D)
  2 fire crabs (D)
  A bog body (D)
  A flayed ghost (D)
  A lindwurm (D)
  An orc sorcerer (D)
  An orc knight (D)
  An ugly thing (D)
  A manticore (D)
  2 black mambas (D)
  2 efreet (D)
  A rime drake (D)
  A komodo dragon (D)
  A polar bear (D)
  A tarantella (D)
  A wyvern (D)
  2 vampire mosquitoes (D)
  A sky beast (D)
  A centaur (D)
  A bullfrog (D)
  2 killer bees (D)
  A hound (D)
  An iguana (D)
  2 mummies (D)
  A gnoll (D)
  An adder (D)
  A white imp (D)
  2 ufetubi (D)
  A worm (D)
  A ball python (D)
  3 bats (D)
  A bat skeleton (D)
  An endoplasm (D)
  A giant cockroach (D)
  9 jackals (D)
  A ball python zombie (D)
  A goblin (D)
  A jackal simulacrum (D)
  2 kobolds (D)
62 creatures vanquished.

Vanquished Creatures (collateral kills)
  A frost giant (D)
  2 orc warlords (D)
  An emperor scorpion (D)
  A red draconian (D)
  A yaktaur captain (D)
  A boulder beetle (D)
  2 naga warriors (D)
  A two-headed ogre (D)
  A death yak (D)
  2 deep troll shamans (D)
  2 deep troll earth magi (D)
  A hell hog (D)
  3 deep elf knights (D)
  An iron troll (D)
  A sea snake (D)
  A flayed ghost (D)
  A bog body (D)
  A wizard (D)
  Pikel (D)
  A phantasmal warrior (D)
  9 orc knights (D)
  A deep elf pyromancer (D)
  An elephant (D)
  Maurice (D)
  2 yaktaurs (D)
  An efreet (D)
  5 dream sheep (D)
  A spriggan (D)
  A yak (shapeshifter) (D)
  A neqoxec (D)
  5 vampire mosquitoes (D)
  An orc warrior (D)
  A small abomination (D)
  An ogre (D)
  A centaur (D)
  Blork the orc (D)
  7 killer bees (D)
  An orc wizard (D)
  An adder zombie (D)
  5 orcs (D)
  A bat zombie (D)
74 creatures vanquished.

Grand Total: 136 creatures vanquished

Notes
Turn   | Place    | Note
-------+----------+-------------------------------------------
     0 | D        | Groucho the Felid Berserker began the quest for the Orb.
     0 | D        | Reached XP level 1. HP: 10/10 MP: 2/2
    16 | D        | Reached skill level 2 in Stealth
    17 | D        | Reached skill level 3 in Stealth
    19 | D        | Reached ** piety under Trog
    20 | D        | Reached skill level 4 in Stealth
   407 | D        | Found a bloodstained altar of Trog.
   407 | D        | Found a shimmering blue altar of Sif Muna.
   407 | D        | Found a viscous altar of Jiyva.
   407 | D        | Found a hazy altar of Hepliaklqana.
   407 | D        | Found an opulent altar of Gozag.
   408 | D        | Found a glowing golden altar of the Shining One.
   408 | D        | Found a glowing silver altar of Zin.
   408 | D        | Found a basalt altar of Yredelemnul.
   408 | D        | Found a shimmering altar of Xom.
   408 | D        | Found an ornate altar of the Wu Jian Council.
   408 | D        | Found a sacrificial altar of Ru.
   408 | D        | Found a stormy altar of Qazlal.
   408 | D        | Found an iron altar of Okawaru.
   408 | D        | Found a sparkling altar of Nemelex Xobeh.
   408 | D        | Found a burning altar of Makhleb.
   408 | D        | Found a blossoming altar of Fedhas.
   408 | D        | Found a white marble altar of Elyvilon.
   408 | D        | Found a shadowy altar of Dithmenos.
   408 | D        | Found a snail-covered altar of Cheibriados.
   410 | D        | Found a radiant altar of Vehumet.
   410 | D        | Found a corrupted altar of Lugonu.
   411 | D        | Found a hide-covered altar of Uskayaw.
   411 | D        | Found an ancient bone altar of Kikubaaqudgha.
   411 | D        | Found a broken altar of Ashenzari.
   767 | D        | Reached skill level 5 in Stealth
   770 | D        | Reached *** piety under Trog
   771 | D        | Reached XP level 2. HP: 13/14 MP: 3/3
   779 | D        | Reached skill level 6 in Stealth
   798 | D        | Reached skill level 7 in Stealth
   803 | D        | Reached **** piety under Trog
   808 | D        | Reached skill level 9 in Stealth
   808 | D        | Reached XP level 3. HP: 16/17 MP: 4/4
   896 | D        | Reached skill level 10 in Stealth
   940 | D        | Noticed Blork the orc
   971 | D        | Reached skill level 11 in Stealth
   971 | D        | Reached XP level 4. HP: 19/21 MP: 5/5
   974 | D        | Reached ***** piety under Trog
  1146 | D        | Killed from afar by Blork the orc
  1147 | D        | Reached XP level 3. HP: -1/17 MP: 4/4
  1168 | D        | Killed Blork the orc
  1169 | D        | Reached skill level 13 in Stealth
  1169 | D        | Reached XP level 4. HP: 21/21 MP: 5/5
  1193 | D        | Noticed Pikel
  1198 | D        | Killed Pikel
  1199 | D        | Reached skill level 20 in Stealth
  1199 | D        | Reached XP level 5. HP: 4/24 MP: 6/6
  1199 | D        | Gained mutation: You are covered in thick fur. (AC +2)
                  | [Felid growth]
  1199 | D        | Reached XP level 6. HP: 5/28 MP: 7/7
  1199 | D        | Reached XP level 7. HP: 5/31 MP: 8/8
  1756 | D        | Noticed a sea snake
  1772 | D        | Killed a sea snake
  1773 | D        | Reached skill level 5 in Fighting
  1773 | D        | Reached skill level 21 in Stealth
  1773 | D        | Reached skill level 5 in Unarmed Combat
  1773 | D        | Reached XP level 8. HP: 31/37 MP: 9/9
  2439 | D        | Noticed a black mamba
  2439 | D        | Noticed a polar bear
  2443 | D        | Killed a polar bear
  2445 | D        | Killed a black mamba
  2446 | D        | Reached skill level 22 in Stealth
  2532 | D        | Noticed a black mamba
  2535 | D        | Noticed a manticore
  2537 | D        | Killed a manticore
  2538 | D        | Reached XP level 9. HP: 43/43 MP: 10/10
  2541 | D        | Killed a black mamba
  2542 | D        | Reached skill level 10 in Dodging
  2552 | D        | Reached skill level 23 in Stealth
  2944 | D        | Noticed a two-headed ogre
  2949 | D        | Killed a two-headed ogre
  2950 | D        | Noticed an elephant
  2951 | D        | Noticed a phantasmal warrior
  2954 | D        | Killed an elephant
  2955 | D        | Reached XP level 10. HP: 38/50 MP: 11/11
  2957 | D        | Killed a phantasmal warrior
  2958 | D        | Reached skill level 10 in Fighting
  2958 | D        | Reached skill level 10 in Unarmed Combat
  3432 | D        | Noticed an orc sorcerer
  3435 | D        | Killed an orc sorcerer
  3436 | D        | Reached skill level 24 in Stealth
  3449 | D        | Reached ****** piety under Trog
  3484 | D        | Noticed an emperor scorpion
  3498 | D        | Killed an emperor scorpion
  3857 | D        | Noticed a flayed ghost
  3860 | D        | Killed a flayed ghost
  3864 | D        | Noticed a fire crab
  3865 | D        | Noticed a wizard
  3868 | D        | Killed a fire crab
  3876 | D        | Reached skill level 25 in Stealth
  3877 | D        | Reached skill level 15 in Dodging
  3877 | D        | Reached XP level 11. HP: 38/57 MP: 12/12
  3883 | D        | Killed a wizard
  4278 | D        | Noticed a bog body
  4279 | D        | Noticed a frost giant
  4280 | D        | Noticed Maurice
  4284 | D        | Killed a bog body
  4285 | D        | Noticed a flayed ghost
  4287 | D        | Killed a frost giant
  4287 | D        | Noticed a death yak
  4288 | D        | Killed a flayed ghost
  4290 | D        | Killed Maurice
  4291 | D        | Reached skill level 26 in Stealth
  4291 | D        | Noticed a deep elf pyromancer
  4291 | D        | Killed a death yak
  4297 | D        | Killed a deep elf pyromancer
  4469 | D        | Noticed a lindwurm
  4476 | D        | Killed a lindwurm
  4481 | D        | Noticed a bog body
  4481 | D        | Noticed a catoblepas
  4487 | D        | Killed a catoblepas
  4490 | D        | Killed a bog body
  4604 | D        | Noticed a fire crab
  4611 | D        | Killed a fire crab
  4612 | D        | Gained mutation: Your thick and shaggy fur keeps you warm.
                  | (AC +3, rC+) [Felid growth]
  4612 | D        | Reached XP level 12. HP: 64/64 MP: 13/13
  4629 | D        | Reached skill level 27 in Stealth
  4659 | D        | Noticed a boulder beetle
  4688 | D        | Killed a boulder beetle
  4823 | D        | Noticed an orc warlord
  4824 | D        | Noticed an orc warlord
  4829 | D        | Reached skill level 15 in Unarmed Combat
  4830 | D        | Killed an orc warlord
  4831 | D        | Reached skill level 15 in Fighting
  4835 | D        | Killed an orc warlord
  4844 | D        | Noticed a hell hog
  4850 | D        | Noticed a naga warrior
  4850 | D        | Noticed a naga warrior
  4854 | D        | Noticed a yaktaur captain
  4856 | D        | Noticed a red draconian
  4865 | D        | Killed a naga warrior
  4871 | D        | Killed a red draconian
  4873 | D        | Killed a yaktaur captain
  4877 | D        | Killed a naga warrior
  4881 | D        | Reached XP level 13. HP: 27/70 MP: 14/14
  5105 | D        | Gained mutation: You possess an exceptional clarity of
                  | mind. [potion of mutation]
  5105 | D        | Gained mutation: Your magical capacity is low. (-10% MP)
                  | [potion of mutation]
  5105 | D        | Gained mutation: You are partially covered in large bone
                  | plates. (SH +4) [potion of mutation]
  5106 | D        | Lost mutation: You possess an exceptional clarity of mind.
                  | [potion of mutation]
  5106 | D        | Lost mutation: You are partially covered in large bone
                  | plates. (SH +4) [potion of mutation]
  5106 | D        | Lost mutation: Your magical capacity is low. (-10% MP)
                  | [potion of mutation]
  5106 | D        | Gained mutation: You expend magic power (3 MP) to
                  | strengthen your wands. [potion of mutation]
  5106 | D        | Gained mutation: Your body sometimes deteriorates upon
                  | taking damage. [potion of mutation]
  5106 | D        | Gained mutation: You are agile. (Dex +4, Str/Int -1)
                  | [potion of mutation]
  5106 | D        | Gained mutation: Your system is resistant to poisons.
                  | (rPois) [potion of mutation]
  5107 | D        | Lost mutation: Your system is resistant to poisons. (rPois)
                  | [potion of mutation]
  5107 | D        | Lost mutation: You expend magic power (3 MP) to strengthen
                  | your wands. [potion of mutation]
  5107 | D        | Gained mutation: Your spells are a little harder to cast,
                  | but a little more powerful. [potion of mutation]
  5108 | D        | Lost mutation: You are agile. (Dex +4, Str/Int -1) [potion
                  | of mutation]
  5108 | D        | Lost mutation: Your body sometimes deteriorates upon taking
                  | damage. [potion of mutation]
  5108 | D        | Lost mutation: Your spells are a little harder to cast, but
                  | a little more powerful. [potion of mutation]
  5153 | D        | Killed from afar by a deep troll earth mage
  5154 | D        | Reached XP level 12. HP: -37/100 MP: 13/13
  5280 | D        | Killed a hell hog
  5805 | D        | Killed a deep troll earth mage
  5809 | D        | Killed a deep troll shaman
  5817 | D        | Killed a deep troll earth mage
  5821 | D        | Killed a deep troll shaman
  5876 | D        | Found the +9 heavy crossbow "Sniper" {vorpal, Acc+∞ SInv}
  6016 | D        | Noticed a yellow draconian annihilator
  6073 | D        | Killed a naga warrior
  6289 | D        | Noticed an ettin
  6289 | D        | Noticed a reaper
  6289 | D        | Noticed an emperor scorpion
  6289 | D        | Noticed a minotaur
  6304 | D        | Killed a minotaur
  6304 | D        | HP: 2/68 [reaper/+1 scythe of freezing (5)]
  6305 | D        | Slain by an emperor scorpion
  6306 | D        | Reached XP level 11. HP: 0/64 MP: 12/12
  6346 | D        | Annihilated by a reaper

Illustrated notes

Levels and vault maps discovered:
D:        pitsprint [storerooms_1, entrance_room_1, metal_vault_5, armoury_2,
          mini_pit_1, grid_room_1, main_hall_1, silver_pit, the_coven_3,
          the_vestibule_1, steel_vault_2, golden_pit, hallway_of_sentries,
          crystal_vault_4, iron_vault_3, final_vault]

Skill      XL: |  1  2  3  4  5  6  7  8  9 10 11 12 13 |
---------------+----------------------------------------+-----
Stealth        | 5 9 13 20 21 22 23 25 26 27 | 27.0
Fighting       | 5 7 9 11 14 17 | 17.3
Dodging        | 7 9 12 15 17 20 21 | 21.8
Unarmed Combat | 5 7 9 11 14 19 18 | 19.8

Action                   |  1- 3 |  4- 6 |  7- 9 | 10-12 | 13-15 || total
-------------------------+-------+-------+-------+-------+-------++-------
Melee: Unarmed           |    51 |    16 |    22 |    80 |    11 ||   180
       Bite              |     1 |     4 |     2 |    10 |     1 ||    18
       Punch             |       |     2 |     1 |     9 |     1 ||    13
Invok: Trog's Hand       |     2 |     1 |       |     1 |     1 ||     5
       Berserk           |     2 |       |       |       |     1 ||     3
       Brothers in Arms  |     1 |       |     4 |    23 |     2 ||    30
  Use: Potion            |     1 |     1 |     3 |     6 |     6 ||    17
 Stab: Sleeping          |     3 |       |     8 |    18 |       ||    29
       Invisible         |       |       |     1 |       |       ||     1
       Distracted        |       |       |       |     1 |     1 ||     2
Armor: Skin              |     1 |     1 |     3 |     5 |       ||    10
Dodge: Dodged            |    50 |    15 |    34 |   136 |    14 ||   249
